AoeStats
← gimpygunman

Arabia

510085130Analyzed
1v1 RM · 4d ago on Sep 29, 2026· 51m 15s· 2 players
Game mode
Random Map
Map size
Tiny (2 player)
Population
200
Speed
Normal
Resources
Standard
Victory
Conquest
Starting age
Dark Age
Ending age
Imperial Age
RankedLock teamsTeams togetherTeam positionsShared explorationLock speedFull tech treeHidden civsTurbo modeCheats
Victory
Defeat
🇦🇺 Teutons · Australia
690
+17
🇨🇿 Magyars · Czechia
709
-17
gimpygunman
7:19 Loom
11:33 Feudal Age
12:06 Horse Collar
12:14 Double-Bit Axe
20:12 Castle Age
20:29 Pikeman
24:28 Elite Skirmisher
27:14 Bow Saw
29:54 Fletching
33:56 Imperial Age
32:55 Forging
32:46 Scale Mail Armor
34:19 Iron Casting
35:09 Wheelbarrow
34:20 Town Watch
36:19 Conscription
37:08 Elite Teutonic Knight
46:05 Halberdier
46:46 Squires
51:46 Chemistry
51:07 Ballistics
Bělohoubek
1:12 Loom
12:59 Feudal Age
13:34 Double-Bit Axe
13:30 Horse Collar
16:40 Wheelbarrow
21:18 Castle Age
19:41 Stone Mining
20:17 Scale Barding Armor
20:31 Gold Mining
21:49 Bloodlines
25:04 Heavy Plow
25:11 Fletching
28:50 Murder Holes
37:30 Ballistics
38:45 Herbal Medicine
39:48 Gold Shaft Mining
39:57 Masonry
42:00 Chain Barding Armor
50:39 Imperial Age
Connection lost

Rejoining the realm…

Still unreachable

The connection could not be restored.

Session expired

The server has moved on; the page needs a fresh start.